 Dungeon Crawl Stone Soup version 0.30-a0-459-g9104f0fc43 (webtiles) character file.

Game seed: 18023757338078856647

19 jlumianski the Trooper (level 2, 0/24 HPs)
             Began as a Demonspawn Fighter on Dec 15, 2022.
             Slain by a water moccasin (6 damage)
             ... in a sewer.
             The game lasted 00:03:08 (632 turns).

jlumianski the Trooper (Demonspawn Fighter)          Turns: 632, Time: 00:03:08

Health: 0/24       AC:  6    Str: 16    XL:     2   Next: 55%
Magic:  2/2        EV:  9    Int:  9    God:
Gold:   45         SH:  4    Dex: 14    Spells: 1/1 levels left

rFire   . . .      SeeInvis .    a - +0 war axe
rCold   . . .      Faith    .    c - +0 buckler
rNeg    . . .      Spirit   .    b - +0 scale mail
rPois   .          Reflect  .    (no helmet)
rElec   .          Harm     .    (no cloak)
rCorr   .          Rampage  .    (no gloves)
Will    .....                    (no boots)
Stlth   +.........               (no amulet)
HPRegen 0.24/turn                (no ring)
MPRegen 0.08/turn                (no ring)

@: no status effects
A: thin skeletal structure 1
a: no special abilities


You were in a sewer.
You visited 1 branch of the dungeon, and saw 4 of its levels.
You also visited: Sewer.

You collected 45 gold pieces.

Inventory:

Hand Weapons
 a - a +0 war axe (weapon)
Missiles
 e - 16 stones (quivered)
Armour
 b - a +0 scale mail (worn)
 c - a +0 buckler (worn)
Scrolls
 g - a scroll of fog
 h - a scroll of teleportation
Potions
 d - 2 potions of might
 f - a potion of mutation {unknown}


   Skills:
 + Level 3.1 Fighting
 + Level 2.1 Axes
 + Level 2.9 Armour
 + Level 0.5 Dodging
 + Level 2.8 Shields


You had one spell level left.
You didn't know any spells.
Your spell library contained the following spells:

 Spells                   Type           Power      Damage    Failure   Level
 Ozocubu's Armour         Ice            0%         N/A       99%         3
 Ozocubu's Refrigeration  Ice            0%         4d7       100%        7


Dungeon Overview and Level Annotations

Branches:
Dungeon (4/15)              Sewer (1/1)
 Temple: D:4-7

Altars:

Shops:
D:3 =

Annotations:
D:4 Edmund


Innate Abilities, Weirdness & Mutations

You have a somewhat thin skeletal structure. (Dex +2, Stealth+)


Message History

You hit the water moccasin.
The water moccasin is lightly wounded.
The water moccasin bites you. The water moccasin closely misses you.
You barely miss the water moccasin.
The water moccasin is lightly wounded.
The water moccasin bites you. x2
You barely miss the water moccasin.
The water moccasin is lightly wounded.
The water moccasin bites you but does no damage.
The water moccasin misses you.
You miss the water moccasin.
The water moccasin is lightly wounded.
The water moccasin barely misses you. x2
You barely miss the water moccasin.
The water moccasin is lightly wounded.
The water moccasin closely misses you. x2
You barely miss the water moccasin.
The water moccasin is lightly wounded.
The water moccasin barely misses you. The water moccasin closely misses you.
You hit the water moccasin but do no damage.
The water moccasin is lightly wounded.
The water moccasin bites you but does no damage.
The water moccasin bites you!
* * * LOW HITPOINT WARNING * * *
You hit the water moccasin.
The water moccasin is moderately wounded.
The water moccasin barely misses you.
The water moccasin bites you but does no damage.
You barely miss the water moccasin.
The water moccasin is moderately wounded.
The water moccasin bites you but does no damage. x2
You hit the water moccasin.
The water moccasin is heavily wounded.
The water moccasin bites you.
* * * LOW HITPOINT WARNING * * *
The water moccasin bites you but does no damage.
You barely miss the water moccasin.
The water moccasin is heavily wounded.
The water moccasin bites you.
You die...

#.~###~.##
#..~ #~..#
#.~# ##~~#
#.. #..#
#. #..#
##..#
#~~.#
##..##
#@..#
#.~.S.##
#~...~#
##~.~##
#~.~#
.#~#. $$#.
? ##### #


You could see a water moccasin.

Vanquished Creatures
  An adder (D:2)
  A worm (D:3)
  2 bats
  An endoplasm (D:3)
  A ball python (D:3)
  A kobold (D:2)
  2 rats (D:1)
9 creatures vanquished.

Notes
Turn   | Place    | Note
-------+----------+-------------------------------------------
     0 | D:1      | jlumianski the Demonspawn Fighter began the quest for the
                  | Orb.
     0 | D:1      | Reached XP level 1. HP: 18/18 MP: 1/1
   108 | D:2      | Gained mutation: You have a somewhat thin skeletal
                  | structure. (Dex +2, Stealth+) [demonic ancestry]
   108 | D:2      | Reached XP level 2. HP: 18/24 MP: 2/2
   341 | D:4      | Noticed Edmund
   386 | D:3      | Found Ufalof's Jewellery Emporium.
   562 | D:3      | Found a glowing drain.
   576 | Sewer    | Entered a sewer
   615 | Sewer    | Noticed a water moccasin
   632 | Sewer    | Slain by a water moccasin

Illustrated notes

Levels and vault maps discovered:
D:1:      spicycebolla_arrival_xxxplode, layout_basic, basic_ecumenical_altar
D:2:      layout_basic, minmay_tetromino_o4, uniq_natasha, uniq_jessica
D:3:      layout_basic, cheibrodos_sewer_entry_sluice, serial_shops,
          nicolae_shop_stone
D:4:      layout_loops_ring, old_standard_altar, marbit_many_paths,
          lemuel_doored_altar, serial_shops, nicolae_shop_hallway_plus,
          minivault_24, chequers_serial_rivers_micro_b, minmay_ruined_shrine,
          uniq_edmund, uniq_robin, uniq_menkaure
Sewer:    sewer_the_moccasin

Skill      XL: |  1  2 |
---------------+-------+-----
Axes           | 2 |  2.1
Fighting       | |  3.1
Armour         | |  2.9
Dodging        | |  0.5
Shields        | |  2.8

Action                   || total
-------------------------++-------
Melee: War axe           ||    46
Throw: Stone             ||     1
  Use: Scroll            ||     2
Armor: Scale mail        ||    40
Dodge: Dodged            ||    28
Block: Buckler           ||    13

Table legend: (Time is in decaauts)
 A = Elapsed time spent in this place.
 B = Non-inter-level travel time spent in this place.
 C = Inter-level travel time spent in this place.
 D = Time resting spent in this place.
 E = Time spent auto-exploring this place.
 F = Levels seen in this place.
 G = Mean time per level.
                   A        B        C        D        E       F      G
               +--------+--------+--------+--------+--------+-----+--------+
         Total |    655 |    655 |      0 |     12 |    404 |   5 |  131.0 |
       Dungeon |    590 |    590 |      0 |      0 |    375 |   4 |  147.5 |
         Sewer |     65 |     65 |      0 |     12 |     29 |   1 |   65.0 |
               +--------+--------+--------+--------+--------+-----+--------+

Top non-repeatable levels by time:
     D:3: 429 daAuts
     D:1: 102 daAuts
   Sewer: 65 daAuts
     D:2: 56 daAuts
     D:4: 1 daAuts
